 Dungeon Crawl Stone Soup version 0.16.0-17-g811c1d7 (webtiles) character file.

110 valak23 the Caller (level 4, -1/24 HPs)
             Began as a Tengu Summoner on Mar 21, 2015.
             Was an Initiate of Makhleb.
             Slain by an orc warrior
             ... wielding a +0 glaive
              (23 damage)
             ... on level 3 of the Dungeon.
             The game lasted 00:14:29 (2198 turns).

valak23 the Caller (Tengu Summoner)                 Turns: 2198, Time: 00:14:29

Health: -1/24      AC:  4    Str:  9    XL:     4   Next: 91%
Magic:  2/9        EV: 13    Int: 16    God:    Makhleb [......]
Gold:   35         SH:  0    Dex: 14    Spells: 3 memorised, 2 levels left

rFire  . . .     SeeInvis .     t - +3 quarterstaff (chaos)
rCold  . . .     Clarity  .     a - +1 robe
rNeg   . . .     SustAb   .     (no shield)
rPois  .         Gourm    .     (helmet restricted)
rElec  .         Spirit   .     u - +0 cloak
rCorr  .         Warding  .     (no gloves)
rMut   .         Stasis   .     (boots unavailable)
MR     .....                    (no amulet)
Stlth  ++........               (no ring)
                                (no ring)

@: not resistant to hostile enchantments, unstealthy
A: beak, talons 3
a: Renounce Religion


You were on level 3 of the Dungeon.
You worshipped Makhleb.
Makhleb was noncommittal.
You were hungry.

You visited 1 branch of the dungeon, and saw 3 of its levels.

You collected 128 gold pieces.
You paid 93 gold pieces to Gozag.

Inventory:

Hand weapons
 i - a -1 hunting sling
 o - a +2 dagger
 t - a +3 quarterstaff of chaos (weapon)
Missiles
 j - 22 stones (quivered)
 r - 6 tomahawks of returning
Armour
 a - a +1 robe (worn)
 u - a +0 cloak (worn)
Magical devices
 h - a wand of random effects (29)
Scrolls
 n - a scroll of identify
 s - a scroll of fog {unknown}
 x - a scroll of teleportation
Potions
 d - 5 potions of curing
 e - a potion of brilliance {unknown}
 f - a potion of degeneration {unknown}
 k - a potion of might {unknown}
 m - 2 potions of ambrosia {unknown}
 q - a potion of haste {unknown}
 v - a potion of magic {unknown}
 w - 2 potions of agility {unknown}
 z - a potion of mutation {unknown}
Books
 b - a book of Callings

   Spells                             Type                      Level
   a - Summon Small Mammal            Summoning                    1
   b - Call Imp                       Summoning                    2
   c - Call Canine Familiar           Summoning                    3
   d - Summon Guardian Golem          Hexes/Summoning              4
   e - Summon Lightning Spire         Summoning/Air                4
   f - Summon Ice Beast               Ice/Summoning                4
Comestibles
 c - 2 bread rations
 g - a meat ration
 l - a royal jelly
 p - 5 fruits


   Skills:
 + Level 0.2 Fighting
 + Level 1.5 Slings
 + Level 2.6 Dodging
 - Level 2.0 Stealth
 + Level 2.9 Spellcasting
 * Level 5.9 Summonings


You had 2 spell levels left.
You knew the following spells:

 Your Spells              Type           Power        Failure   Level  Hunger
a - Summon Small Mammal   Summ           ###.         1%          1    #......
b - Call Imp              Summ           ###.....     2%          2    ##.....
c - Call Canine Familiar  Summ           ###.....     6%          3    ###....


Dungeon Overview and Level Annotations

Branches:
Dungeon (3/15)

Altars:
Fedhas
Gozag
Makhleb
Nemelex Xobeh


Innate Abilities, Weirdness & Mutations

You have a beak for a mouth.
You have claws for feet.


Message History

Your crimson imp barely misses the orc warrior.
Your shadow imp gestures at the orc warrior.
The orc warrior convulses in agony!
Unknown command.
Your crimson imp blinks!
The orc warrior hits your shadow imp with a glaive!
Your shadow imp hits the orc warrior but does no damage.
Your white imp hits the orc warrior but does no damage.
The orc warrior hits your shadow imp with a glaive!
Your shadow imp dies!
Your white imp completely misses the orc warrior.
Your white imp hits the orc warrior.
Your white imp freezes the orc warrior.
Your white imp barely misses the orc warrior.
The orc warrior barely misses you.
Your crimson imp blinks!
Something barely misses your white imp.
Your white imp barely misses the orc warrior.
The orc warrior hits you from afar with a glaive!!
Ouch! That really hurt!
You die...

### ..# #.#
#.#
###.#######
#.o)..<§..#
#5#.#†###.#
#@#..#..
#.#.## o..
#..?# ...
.#... . #
#.. #...
#####


You could see an orc warrior and a friendly white imp.

Vanquished Creatures
  A worm (D:2)
  6 bats
  3 goblins
  A quokka (D:2)
  A giant newt (D:2)
  7 jackals
  4 kobolds
  2 rats (D:3)
  3 fungi (D:2)
28 creatures vanquished.

Vanquished Creatures (collateral kills)
  Crazy Yiuf (D:2)
  A crimson imp (D:3)
  Ijyb (D:2)
  4 adders (D:2)
  A worm (D:2)
  2 orcs (D:3)
  3 giant cockroaches
  3 goblins
  A hobgoblin (D:1)
  3 jackals (D:3)
  2 bats
  A giant newt (D:1)
  A kobold (D:2)
  A quokka (D:2)
25 creatures vanquished.

Vanquished Creatures (others)
  A hound (D:3)
  A shadow imp (D:3)
  2 quokkas (D:2)
  3 bats
  4 rats
11 creatures vanquished.

Grand Total: 64 creatures vanquished

Notes
Turn   | Place    | Note
--------------------------------------------------------------
     0 | D:1      | valak23, the Tengu Summoner, began the quest for the Orb.
     0 | D:1      | Reached XP level 1. HP: 10/10 MP: 3/3
    87 | D:1      | Reached skill level 5 in Summonings
   610 | D:1      | Reached XP level 2. HP: 15/15 MP: 1/5
   762 | D:2      | Learned a level 2 spell: Call Imp
   920 | D:2      | Reached XP level 3. HP: 19/19 MP: 7/7
   992 | D:2      | Found a blossoming altar of Fedhas.
  1253 | D:2      | Learned a level 3 spell: Call Canine Familiar
  1276 | D:2      | Noticed Ijyb
  1304 | D:2      | Killed Ijyb
  1361 | D:2      | Reached XP level 4. HP: 20/24 MP: 7/9
  1388 | D:2      | Noticed Crazy Yiuf
  1399 | D:2      | Killed Crazy Yiuf
  1399 | D:2      | Reached skill level 1 in Slings
  2066 | D:3      | Found an opulent altar of Gozag.
  2066 | D:3      | Found a sparkling altar of Nemelex Xobeh.
  2076 | D:3      | Became a worshipper of Gozag Ym Sagoz the Greedy
  2093 | D:3      | Found a burning altar of Makhleb.
  2141 | D:3      | Fell from the grace of Gozag
  2141 | D:3      | Became a worshipper of Makhleb the Destroyer
  2177 | D:3      | Noticed an orc warrior
  2198 | D:3      | Slain by an orc warrior

Action                   |  1- 3 |  4- 6 || total
-------------------------+-------+-------++-------
Melee: Unarmed           |     6 |       ||     6
       Dagger            |     8 |    19 ||    27
       Quarterstaff      |       |    10 ||    10
 Fire: Hunting sling     |    50 |       ||    50
 Cast: Summon Small Mamm |    22 |       ||    22
       Call Imp          |     5 |     6 ||    11
       Call Canine Famil |     2 |     4 ||     6
  Use: Scroll            |     6 |     2 ||     8
       Potion            |     1 |       ||     1
 Stab: Sleeping          |       |     2 ||     2
  Eat: Meat ration       |     1 |       ||     1
